 Dungeon Crawl Stone Soup version 0.30-a0-29-g142975f185 (webtiles) character file.

Game seed: 12099066386050136305

253 Iusername the Covered (level 5, -4/47 HPs)
             Began as a Minotaur Fighter on Aug 26, 2022.
             Slain by gebbletook2's ghost (11 damage)
             ... on level 4 of the Dungeon.
             The game lasted 00:04:26 (4033 turns).

Iusername the Covered (Minotaur Fighter)            Turns: 4033, Time: 00:04:27

Health: -4/47      AC:  8    Str: 20    XL:     5   Next: 90%
Magic:  4/4        EV:  9    Int: 11    God:
Gold:   111        SH:  5    Dex: 12    Spells: 4/4 levels left

rFire   . . .      SeeInvis .    a - +0 long sword
rCold   . . .      Faith    .    c - +0 buckler
rNeg    . . .      Spirit   .    b - +0 scale mail
rPois   .          Reflect  .    (helmet restricted)
rElec   .          Harm     .    p - +0 cloak
rCorr   .          Rampage  .    (no gloves)
Will    .....                    (no boots)
Stlth   ..........               (no amulet)
HPRegen 0.15/turn                f - +6 ring of intelligence
MPRegen 0.09/turn                (no ring)

@: mighty
A: horns 2, retaliatory headbutt
a: no special abilities


You were on level 4 of the Dungeon.
You visited 1 branch of the dungeon, and saw 4 of its levels.

You collected 111 gold pieces.

Inventory:

Hand Weapons
 a - a +0 long sword (weapon)
Missiles
 k - 3 javelins (quivered)
Armour
 b - a +0 scale mail (worn)
 c - a +0 buckler (worn)
 p - a +0 cloak (worn)
Jewellery
 f - a +6 ring of intelligence (left hand)
Scrolls
 g - 2 scrolls of identify {unknown}
 h - 2 scrolls of teleportation
 l - a scroll of poison
 q - a scroll of vulnerability {unknown}
Potions
 d - 4 potions of might
 e - 4 potions of curing
 i - a potion of invisibility {unknown}
 j - 2 potions of resistance {unknown}
 m - a potion of magic {unknown}
 n - a potion of mutation {unknown}
 o - 2 potions of brilliance {unknown}


   Skills:
 + Level 4.6 Fighting
 + Level 4.9 Long Blades
 + Level 0.2 Throwing
 + Level 5.3 Armour
 + Level 0.3 Dodging
 + Level 0.2 Stealth
 + Level 4.3 Shields


You had 4 spell levels left.
You didn't know any spells.
Your spell library contained the following spells:

 Spells                   Type           Power      Damage    Failure   Level
 Beastly Appendage        Tmut           0%         N/A       77%         1
 Shock                    Conj/Air       0%         1d3       77%         1
 Slow                     Hex            0%         N/A       77%         1
 Wereblood                Tmut           0%         N/A       88%         2
 Confusing Touch          Hex            0%         N/A       98%         3
 Gell's Gravitas          Tloc           0%         N/A       98%         3
 Lesser Beckoning         Tloc           0%         N/A       98%         3
 Spider Form              Tmut/Pois      0%         N/A       98%         3
 Swiftness                Air            0%         N/A       98%         3
 Teleport Other           Tloc           0%         N/A       98%         3
 Vampiric Draining        Necr           0%         2d6       98%         3
 Airstrike                Air            0%         2d(0-16)  100%        4


Dungeon Overview and Level Annotations

Branches:
Dungeon (4/15)
 Temple: D:4-7

Altars:
Hepliaklqana

Annotations:
D:4 1 transporter, gebbletook2's ghost, amateur VSFi


Innate Abilities, Weirdness & Mutations

You have a pair of horns on your head.
You reflexively headbutt those who attack you in melee.


Message History

The endoplasm is moderately wounded.
The endoplasm hits you but does no damage.
You slash the endoplasm!
You kill the endoplasm!
The ogre shouts!
Found 18 gold pieces.
k - 3 javelins (gained 1) Gebbletook2's ghost turns its malevolent gaze towards you.
k - 4 javelins (gained 1)
k - 5 javelins (gained 1)
k - 6 javelins (gained 1) Gebbletook2's ghost whispers, "Death doesn't hurt.
What you feel is life."
There is a transporter here.
There is a transporter landing site here.
You feel very mighty all of a sudden.
There is a transporter landing site here.
There is a transporter here.
You enter the transporter and appear at another place.
You throw a javelin. The javelin pierces through the ogre.
The ogre is lightly wounded.
You throw a javelin. The javelin pierces through the ogre.
The ogre is moderately wounded.
The javelin pierces through gebbletook2's ghost.
Gebbletook2's ghost is lightly damaged.
You throw a javelin. The javelin barely misses the ogre.
The javelin barely misses gebbletook2's ghost.
The ogre hits you with a +4 dire flail!
You slash the ogre!
The ogre is heavily wounded.
You block the ogre's attack. Gebbletook2's ghost hits you!
You barely miss the ogre.
The ogre is heavily wounded.
The ogre hits you with a +4 dire flail!
* * * LOW HITPOINT WARNING * * *
Gebbletook2's ghost hits you.
* * * LOW HITPOINT WARNING * * *
You slash the ogre!
The ogre is almost dead.
Gebbletook2's ghost hits you!
You die...

###..........................#.#
####...........©.©...........#.#
..........################'#.#.#
..........#.....((...©####.#.#.#
..........#..##...##.?#....#.#
..........#.#..#.#..#.#....#..
.....##.###.#..#.#..#.#....######
#'#####..##..##.OW##..#..........
..###....##.....@.....#...######.
..>.......#############...#####
................................
.....?.....#####.....###########
#####....#.# #.....# #....#.#
#.....# ######.. #.....# ###.
#.....# .. #######


You could see an ogre and gebbletook2's ghost.

Vanquished Creatures
  A necrophage (D:4)
  A howler monkey (D:3)
  A hound (D:4)
  Crazy Yiuf (D:2)
  4 adders
  A river rat (D:3)
  2 worms
  5 endoplasms
  2 giant cockroaches
  5 goblins
  5 hobgoblins
  A quokka (D:1)
  3 ball pythons (D:3)
  2 bats
  2 frilled lizards
  6 kobolds
  4 rats
46 creatures vanquished.

Notes
Turn   | Place    | Note
-------+----------+-------------------------------------------
     0 | D:1      | Iusername the Minotaur Fighter began the quest for the Orb.
     0 | D:1      | Reached XP level 1. HP: 19/19 MP: 0/0
  1051 | D:2      | Reached skill level 4 in Armour
  1087 | D:2      | Reached XP level 2. HP: 27/27 MP: 1/1
  1309 | D:2      | Reached XP level 3. HP: 33/33 MP: 2/2
  1381 | D:2      | Found a faded altar of an unknown god.
  1429 | D:2      | Found a hazy altar of Hepliaklqana.
  1665 | D:2      | Found a runed translucent door.
  1666 | D:2      | Noticed Crazy Yiuf
  1674 | D:2      | Killed Crazy Yiuf
  1675 | D:2      | Reached XP level 4. HP: 5/41 MP: 3/3
  2381 | D:3      | Found a glowing drain.
  2534 | D:3      | Reached XP level 5. HP: 46/47 MP: 4/4
  3430 | D:4      | Reached skill level 5 in Armour
  3888 | D:4      | Noticed an ogre
  3891 | D:4      | Noticed gebbletook2's ghost (amateur VSFi)
  3965 | D:4      | Found a transporter.
  3970 | D:4      | Found a transporter.
  4033 | D:4      | Slain by gebbletook2's ghost

Illustrated notes

Levels and vault maps discovered:
D:1:      dpeg_arrival_signposts, layout_loops_ring
D:2:      layout_loops_ring, basic_altar, hellmonk_ecumenical_altar_lost_god,
          uniq_crazy_yiuf_cottage
D:3:      layout_basic, portal_sewer_entry_a, serial_forest,
          infiniplex_forest_straight_5, infiniplex_forest_lined_room_,
          infiniplex_forest_clump_tiny, infiniplex_forest_split,
          infiniplex_forest_zigzag_1, infiniplex_forest_3_way,
          infiniplex_forest_fountain, serial_park_tiny_2
D:4:      layout_basic, gammafunk_ghost_smash, columned_hall_lemuel

Skill      XL: |  1  2  3  4  5 |
---------------+----------------+-----
Armour         | 4 5 |  5.3
Fighting       | 4 |  4.6
Shields        | 4 |  4.3
Long Blades    | 3 4 |  4.9
Throwing       | |  0.2
Dodging        | |  0.3
Stealth        | |  0.2

Action                   |  1- 3 |  4- 6 || total
-------------------------+-------+-------++-------
Melee: Long sword        |    57 |    59 ||   116
       Headbutt          |     8 |     9 ||    17
Throw: Javelin           |       |     9 ||     9
  Use: Potion            |       |     2 ||     2
       Scroll            |       |     5 ||     5
Armor: Scale mail        |    19 |    27 ||    46
Dodge: Dodged            |    24 |    29 ||    53
Block: Buckler           |    13 |    13 ||    26

Table legend: (Time is in decaauts)
 A = Elapsed time spent in this place.
 B = Non-inter-level travel time spent in this place.
 C = Inter-level travel time spent in this place.
 D = Time resting spent in this place.
 E = Time spent auto-exploring this place.
 F = Levels seen in this place.
 G = Mean time per level.
                   A        B        C        D        E       F      G
               +--------+--------+--------+--------+--------+-----+--------+
         Total |   4067 |   3942 |    125 |   1119 |   2364 |   4 | 1016.8 |
       Dungeon |   4067 |   3942 |    125 |   1119 |   2364 |   4 | 1016.8 |
               +--------+--------+--------+--------+--------+-----+--------+

Top non-repeatable levels by time:
     D:2: 1184 daAuts
     D:3: 1153 daAuts
     D:1: 1044 daAuts
     D:4: 685 daAuts
